 Dungeon Crawl Stone Soup version 0.17.1-2-g5865329 (webtiles) character file.

471 Rationalist the Ducker (level 6, -2/72 HPs)
             Began as a Demonspawn Berserker on Jan 14, 2016.
             Was a Priest of Trog.
             Killed by nerve-wracking pain
             ... invoked by an orc priest
              (13 damage)
             ... on level 4 of the Dungeon.
             The game lasted 00:07:39 (4177 turns).

Rationalist the Ducker (Demonspawn Berserker)       Turns: 4177, Time: 00:07:39

Health: -2/72      AC:  2    Str: 23    XL:     6   Next: 83%
Magic:  6/6        EV: 14    Int:  8    God:    Trog [***...]
Gold:   193        SH:  0    Dex: 14    Spells: 0 memorised, 5 levels left

rFire  . . .     SeeInvis .     a - +0 hand axe
rCold  . . .     Clarity  .     b - +0 animal skin
rNeg   + . .     SustAt   .     (no shield)
rPois  .         Gourm    .     (no helmet)
rElec  .         Spirit   .     (no cloak)
rCorr  .         Warding  +     (no gloves)
rMut   .         Stasis   .     (no boots)
MR     .....                    k - amulet of warding
Stlth  ..........               (no ring)
                                r - ring of flight

@: berserking (expiring), very quick, not resistant to hostile enchantments,
extremely unstealthy
A: hooves 1, powered by death 1
a: Berserk, Trog's Hand, Burn Spellbooks, Renounce Religion, Evoke Flight


You were on level 4 of the Dungeon.
You worshipped Trog.
Trog was most pleased with you.
You were not hungry.

You visited 1 branch of the dungeon, and saw 4 of its levels.

You collected 193 gold pieces.

Inventory:

Hand Weapons
 a - a +0 hand axe (weapon)
Missiles
 d - 43 bolts
 n - 11 poisoned bolts
 o - 12 poisoned sling bullets
Armour
 b - a +0 animal skin (worn)
Jewellery
 k - an amulet of warding (around neck)
 r - a ring of flight (left hand)
Scrolls
 e - 2 scrolls of remove curse {unknown}
 l - 2 scrolls of blinking {unknown}
 t - 2 scrolls of identify {unknown}
 v - 2 scrolls of teleportation {unknown}
 w - a scroll of random uselessness {unknown}
 y - a scroll of enchant weapon {unknown}
 A - a scroll of immolation {unknown}
Potions
 f - a potion of lignification {unknown}
 g - 2 potions of cancellation
 h - a potion of degeneration {unknown}
 m - 2 potions of heal wounds
 q - 3 potions of curing {unknown}
 u - a potion of haste {unknown}
 x - a potion of brilliance {unknown}
 B - a potion of cure mutation {unknown}
Comestibles
 c - a bread ration
 i - 2 meat rations
 j - a slice of pizza
 p - 2 beef jerkies
 s - 5 fruits


   Skills:
 + Level 4.3 Fighting
 + Level 4.4 Axes
 + Level 1.7 Armour
 + Level 4.6 Dodging
 + Level 1.4 Stealth


You had 5 spell levels left.
You didn't know any spells.

Dungeon Overview and Level Annotations

Branches:
Dungeon (4/15)
 Temple: D:4-7

Altars:


Innate Abilities, Weirdness & Mutations

You have large cloven feet.
You regenerate a little health from kills.


Message History

You kill the orc wizard!
Trog accepts your kill.
Trog appreciates your killing of a magic user.
You slash the jackal skeleton!
You destroy the jackal skeleton!
You feel a strong urge to attack something.
The orc priest calls down the wrath of Beogh upon you.
Something smites you!
There is a stone staircase leading up, spattered with blood here.
The phantom hits you!
* * * LOW HITPOINT WARNING * * *
You slash the phantom! You kick the phantom.
The phantom is moderately damaged.
The phantom hits you!
* * * LOW HITPOINT WARNING * * *
The phantom blinks!
Unknown command.
The orc priest calls down the wrath of Beogh upon you.
Pain shoots through your body!
You die...

###########
#.........#
#.....(...#
#.........#
#..)......#
#......W..#
#.<.......#
#ยง.@o.....#
..<............##
..###...........# #
..............###..#
#..##.............#.
..#.
##..............
.#...
..........#..... ..#
..............oo
........#......


You could see a phantom and an orc priest.

Vanquished Creatures
  The ghost of Kiel97 the Cudgeler, an amateur DsGl (D:3)
  3 orc priests (D:3)
  3 orc wizards
  7 adders
  An ooze (D:4)
  3 worms
  3 giant geckos
  11 orcs (D:3)
  10 bats
  4 giant cockroaches
  9 hobgoblins
  4 jackals
  7 giant newts
  8 goblins
  A jackal skeleton (D:4)
  7 kobolds
  5 rats
87 creatures vanquished.

Notes
Turn   | Place    | Note
--------------------------------------------------------------
     0 | D:1      | Rationalist the Demonspawn Berserker began the quest for the Orb.
     0 | D:1      | Reached XP level 1. HP: 18/18 MP: 1/1
   451 | D:1      | Gained mutation: You regenerate a little health from kills. [demonic ancestry]
   451 | D:1      | Reached XP level 2. HP: 20/24 MP: 2/2
   862 | D:1      | Reached ** piety under Trog
   967 | D:2      | Gained mutation: You have large cloven feet. [demonic ancestry]
   967 | D:2      | Reached XP level 3. HP: 20/29 MP: 3/3
  1644 | D:2      | Reached XP level 4. HP: 37/37 MP: 4/4
  2041 | D:3      | Reached XP level 5. HP: 40/42 MP: 5/5
  2201 | D:3      | Reached *** piety under Trog
  2460 | D:3      | Noticed Kiel97's ghost (amateur DsGl)
  2468 | D:3      | Reached skill level 4 in Axes
  2479 | D:3      | Killed Kiel97's ghost
  2479 | D:3      | Reached skill level 1 in Stealth
  2479 | D:3      | Reached XP level 6. HP: 16/48 MP: 6/6
  4177 | D:4      | Killed from afar by an orc priest

Action                   |  1- 3 |  4- 6 || total
-------------------------+-------+-------++-------
Melee: Hand axe          |   164 |   218 ||   382
Invok: Berserk           |     2 |     5 ||     7
  Use: Potion            |       |     2 ||     2
 Stab: Sleeping          |       |     1 ||     1
  Eat: Chunk             |     4 |    13 ||    17
